 Dungeon Crawl Stone Soup version 0.29.0-13-gc9e81de378 (webtiles) character file.

Game seed: 11550296264369730229

17593 SnakkuSnakku7 the Marksdjinni (level 12, -32/74 HPs)
             Began as a Djinni Hunter on Sept 10, 2022.
             Was a Believer of Dithmenos.
             Annihilated by Rupert
             ... wielding a +2 battleaxe of electrocution
              (42 damage)
             ... on level 4 of the Lair of Beasts.
             The game lasted 00:17:08 (14206 turns).

SnakkuSnakku7 the Marksdjinni (Djinni Hunter)      Turns: 14206, Time: 00:17:08

Health: -32/74     AC:  9    Str: 10    XL:     12   Next: 84%
Gold:   1721       EV: 12    Int: 12    God:    Dithmenos [**....] SH:  0 Dex: 21

rFire   + + .      SeeInvis .   a - +3 arbalest (freeze)
rCold   x . .      Faith    .   (shield currently unavailable)
rNeg    + . .      Spirit   .   g - +0 acid dragon scales
rPois   ∞          Reflect  .   o - +0 helmet
rElec   .          Harm     .   (no cloak)
rCorr   +          Rampage  .   j - +1 pair of gloves
Will    +....                   (boots unavailable)
Stlth   ++........              c - amulet of regeneration
HPRegen 1.02/turn               s - ring of positive energy
MPRegen 0.00/turn               w - +4 ring of slaying

@: about to teleport, flying, wreathed by umbra
A: sickness immunity, fire resistance 2, cold vulnerability 1, float, innate
caster, HP casting, extra vitality 1
a: Renounce Religion, Shadow Step


You were on level 4 of the Lair of Beasts.
You worshipped Dithmenos.
Dithmenos was pleased with you.
You visited 3 branches of the dungeon, and saw 15 of its levels.

You collected 1721 gold pieces.

Inventory:

Hand Weapons
 a - a +3 arbalest of freezing (weapon)
Armour
 g - +0 acid dragon scales (worn)
 j - a +1 pair of gloves (worn)
 k - a +2 tower shield
 n - a scarf of harm
 o - a +0 helmet (worn)
 C - a +0 troll leather armour
Jewellery
 c - an amulet of regeneration (around neck)
 m - a ring of fire
 p - a ring of wizardry
 s - a ring of positive energy (left hand)
 w - a +4 ring of slaying (right hand)
Wands
 d - a wand of flame (37)
 r - a wand of polymorph (9)
 D - a wand of iceblast (7)
 E - a wand of charming (5)
 G - a wand of mindburst (6)
Scrolls
 b - 2 scrolls of immolation
 i - 3 scrolls of vulnerability
 t - 4 scrolls of magic mapping
 x - 2 scrolls of butterflies
 y - a scroll of poison
Potions
 e - 2 potions of lignification
 f - 8 potions of might
 h - a potion of curing
 l - a potion of cancellation {unknown}
 q - 2 potions of haste
 u - 2 potions of mutation {unknown}
 v - 2 potions of flight {unknown}
 z - 2 potions of resistance
 A - a potion of heal wounds
 F - a potion of invisibility


   Skills:
 + Level 2.0 Fighting
 - Level 17.0 Ranged Weapons
 - Level 2.1 Dodging
 - Level 0.7 Stealth


You couldn't memorise any spells.
You knew the following spells:

 Your Spells              Type           Power      Damage    Failure   Level
a - Freeze                Ice            0%         1d3       47%         1
b - Blink                 Tloc           0%         N/A       63%         2
c - Call Canine Familiar  Summ           0%         N/A       85%         3
d - Sticky Flame          Conj/Fire      0%         2d3       99%         4
e - Corpse Rot            Necr/Pois/Air  0%         N/A       99%         4
Your spell library was empty.

Dungeon Overview and Level Annotations

Branches:
Dungeon (10/15)            Temple (1/1) D:5            Lair (4/5) D:10
 Shoals (0/4) Lair:2        Snake (0/4) Lair:3
  Slime: Lair:4-5       Orc: D:9-12

Altars:
Ashenzari
Cheibriados
Dithmenos
Elyvilon
Fedhas
Gozag
Hepliaklqana
Makhleb
Nemelex Xobeh
Okawaru
Qazlal
Ru
Trog
Uskayaw
Wu Jian
Xom
Zin
The Shining One

Shops:
D:7 =

Annotations:
D:9 1 runed translucent door, TheSexyCheese's ghost, novice MiFi
D:10 2 transporters, Woods's ghost, journeyman DEAE
Lair:4 Rupert


Innate Abilities, Weirdness & Mutations

You are immune to sickness and miasma.
You are immune to poison.
Your flesh is very heat resistant. (rF++)
You are vulnerable to cold. (rC-)
You float through the air rather than walking.
You learn spells naturally, not from books.
Your magical power is your life essence.
You have superior vitality. (+4 MHP)


Message History

Found a scale mail.
Found a stone staircase leading up.
t - 4 scrolls of magic mapping (gained 1)
Found a stone staircase leading up.
D - a wand of iceblast (7) (gained 5 charges)
Found a stone staircase leading down.
G - a wand of mindburst (6)
Found 18 gold pieces.
Found a stone staircase leading down.
You now have 1721 gold pieces (gained 18).
Rupert the Wild comes into view.
He is wielding a +2 battleaxe of electrocution and wearing a +2 chain mail of poison resistance.
Rupert shouts!
Rupert hits you with a +2 battleaxe of electrocution.
Unknown command.
Okay, then.
Okay, then.
Okay, then.
As you read the scroll of butterflies, it crumbles to dust.
You hear the tinkle of a tiny bell.
Rupert roars madly and goes into a rage!
Rupert goes berserk!
You swap places.
Rupert barely misses your butterfly.
Rupert hits your butterfly with a +2 battleaxe of electrocution!
Your butterfly dies!
Your butterfly disappears in a burst of colours!
Rupert rages.
Rupert barely misses you.
There is a stone staircase leading up here.
As you read the scroll of teleportation, it crumbles to dust.
You feel strangely unstable.
Rupert hits you with a +2 battleaxe of electrocution!!!
Ouch! That really hurt!
Rupert attacks as you move away!
Rupert hits you with a +2 battleaxe of electrocution!!
* * * LOW HITPOINT WARNING * * *
Rupert misses you. Rupert attacks as you move away!
Rupert hits you with a +2 battleaxe of electrocution!!!
Ouch! That really hurt!
You die...

...........#. ##
...............
###P.................
#....................
##....#....##........#
##.#..#....##.........#
#......................
#......................
##.....@................
#.....<@........(.......
##........)..............
#.###...bb..PP.##...#.+#.
##.#P.........P##...#....
#............##.....#...
#####....[....##...#.#...
##............####..#.#.⌠.
#.#........<..# #P...#...


You could see Rupert (berserk, ally target).

Vanquished Creatures
  A hydra (Lair:3)
  A two-headed ogre (D:9)
  An alligator (Lair:3)
  2 death yaks (Lair:3)
  Nergalle (D:10)
  A manticore (Lair:3)
  An elephant (Lair:3)
  2 black mambas
  2 rime drakes (Lair:3)
  3 cane toads (Lair:3)
  7 komodo dragons
  Maggie (Lair:2)
  The ghost of Pooter the Chopper, an amateur MiBe of Trog (D:5)
  2 trolls
  3 hornets
  3 polar bears
  Sigmund (D:2)
  A shadow (D:10)
  A wraith (D:10)
  Eustachio (D:6)
  8 yaks
  2 steam dragons
  A vampire mosquito (D:10)
  3 nagas (Lair:3)
  An acid dragon (D:9)
  7 water moccasins
  An orc warrior (D:9)
  An ice beast (D:7)
  2 sky beasts
  2 black bears (Lair:3)
  3 ogres (D:3)
  3 centaurs
  The ghost of casanoah the Ruffian, an amateur DrTm (D:3)
  3 wolves
  A phantom (D:5)
  8 bullfrogs
  3 necrophages
  4 scorpions
  12 wights
  11 killer bees
  3 howler monkeys
  An electric eel (Lair:3)
  2 orc priests (D:4)
  A hound (D:4)
  3 jellies
  Jessica (D:3)
  3 iguanas
  4 orc wizards
  A boggart simulacrum (D:10)
  7 adders
  4 gnolls (D:4)
  4 shadow imps
  4 white imps
  2 ufetubi
  A worm (D:2)
  5 dart slugs
  23 orcs
  8 endoplasms
  3 giant cockroaches (D:1)
  12 goblins
  6 hobgoblins
  3 jackals (D:3)
  A quokka (D:1)
  3 ball pythons (D:1)
  4 bats
  3 frilled lizards
  4 kobolds
  4 rats
233 creatures vanquished.

Vanquished Creatures (others)
  7 fungi
  7 plants
14 creatures vanquished.

Grand Total: 247 creatures vanquished

Notes
Turn   | Place    | Note
-------+----------+-------------------------------------------
     0 | D:1      | SnakkuSnakku7 the Djinni Hunter began the quest for the
                  | Orb.
     0 | D:1      | Reached XP level 1. HP: 18/18 MP: 0/0
   269 | D:1      | Reached XP level 2. HP: 23/23 MP: 0/0
   540 | D:1      | Reached XP level 3. HP: 27/28 MP: 0/0
   540 | D:1      | Learned a level 1 spell: Freeze
   541 | D:1      | Reached skill level 4 in Ranged Weapons
   970 | D:2      | Found a faded altar of an unknown god.
  1101 | D:2      | Noticed Sigmund
  1112 | D:2      | Killed Sigmund
  1113 | D:2      | Reached skill level 5 in Ranged Weapons
  1113 | D:2      | Reached XP level 4. HP: 13/33 MP: 0/0
  1113 | D:2      | Reached XP level 5. HP: 16/38 MP: 0/0
  1113 | D:2      | Learned a level 2 spell: Blink
  1113 | D:2      | Reached XP level 6. HP: 18/43 MP: 0/0
  1829 | D:3      | Found a transporter.
  1852 | D:3      | Found a transporter.
  1853 | D:3      | Noticed an ogre
  1857 | D:3      | Noticed casanoah's ghost (amateur DrTm)
  1857 | D:3      | Noticed an ogre
  1858 | D:3      | Noticed an ogre
  1895 | D:3      | Noticed Jessica
  1899 | D:3      | Killed Jessica
  1949 | D:3      | Reached skill level 6 in Ranged Weapons
  2452 | D:4      | Found a transporter.
  2469 | D:4      | Reached XP level 7. HP: 25/49 MP: 0/0
  2469 | D:4      | Learned a level 3 spell: Call Canine Familiar
  2699 | D:4      | Found a transporter.
  2779 | D:4      | Reached skill level 7 in Ranged Weapons
  3409 | D:4      | You are sucked into a shaft and drop 3 floors!
  3409 | D:7      | Found a bloodstained altar of Trog.
  3409 | D:7      | Found a broken altar of Ashenzari.
  3409 | D:7      | Found a shimmering altar of Xom.
  3452 | D:7      | Noticed a water moccasin
  3466 | D:7      | Killed a water moccasin
  3606 | D:7      | Reached XP level 8. HP: 47/54 MP: 0/0
  3644 | D:7      | Reached skill level 8 in Ranged Weapons
  3820 | D:7      | Identified the +3 falchion "Coqe" {flame, Int+3}
  4360 | D:7      | Reached skill level 9 in Ranged Weapons
  4420 | D:7      | Reached XP level 9. HP: 38/58 MP: 0/0
  4420 | D:7      | Learned a level 4 spell: Sticky Flame
  4580 | D:7      | HP: 1/58 [centaur/arrow (10)]
  5053 | D:6      | Reached skill level 10 in Ranged Weapons
  5278 | D:6      | Noticed Eustachio
  5292 | D:6      | Killed Eustachio
  5299 | D:6      | Identified a scroll of acquirement
  5299 | D:6      | Acquired 968 gold pieces
  5472 | D:6      | Found a stormy altar of Qazlal.
  5661 | D:6      | Found a sparkling altar of Nemelex Xobeh.
  5787 | D:5      | Entered Level 5 of the Dungeon
  6136 | D:5      | Found a staircase to the Ecumenical Temple.
  6151 | Temple   | Entered the Ecumenical Temple
  6272 | Temple   | Became a worshipper of Dithmenos the Shadowed
  6300 | D:5      | Found a runed translucent gate.
  6301 | D:5      | Found a runed translucent gate.
  6302 | D:5      | Found a runed translucent gate.
  6312 | D:5      | Noticed Pooter's ghost (amateur MiBe)
  6418 | D:5      | Reached skill level 11 in Ranged Weapons
  6760 | D:3      | Killed casanoah's ghost
  7075 | D:5      | Killed Pooter's ghost
  7076 | D:5      | Reached XP level 10. HP: 33/64 MP: 0/0
  7280 | D:7      | Found Napra's Jewellery Shop.
  7439 | D:7      | Found an iron altar of Okawaru.
  7720 | D:8      | Reached skill level 12 in Ranged Weapons
  8225 | D:9      | Noticed TheSexyCheese's ghost (novice MiFi)
  8229 | D:9      | Found a runed translucent door.
  8397 | D:9      | Found an ornate altar of the Wu Jian Council.
  9790 | D:9      | Noticed a two-headed ogre
  9795 | D:9      | Noticed a two-headed ogre
  9795 | D:9      | Noticed a wizard
  9795 | D:9      | Noticed a boulder beetle
  9795 | D:9      | Noticed a glowing orange brain
  9795 | D:9      | Noticed a five-headed hydra
  9941 | D:9      | Reached skill level 13 in Ranged Weapons
 10003 | D:9      | Killed a two-headed ogre
 10169 | D:10     | Entered Level 10 of the Dungeon
 10176 | D:10     | Found a transporter.
 10182 | D:10     | Noticed a moth of wrath
 10183 | D:10     | Noticed a manticore
 10212 | D:10     | Reached XP level 11. HP: 63/68 MP: 0/0
 10212 | D:10     | Learned a level 4 spell: Corpse Rot
 10235 | D:10     | Found an opulent altar of Gozag.
 10248 | D:10     | Found a staircase to the Lair.
 10377 | D:10     | Reached * piety under Dithmenos
 10580 | D:10     | Noticed Nergalle
 10586 | D:10     | Killed Nergalle
 10587 | D:10     | Reached skill level 14 in Ranged Weapons
 10634 | D:10     | Found a transporter.
 10638 | D:10     | Noticed Woods's ghost (journeyman DEAE)
 10640 | D:10     | Noticed a wolf spider
 10752 | Lair:1   | Entered Level 1 of the Lair of Beasts
 11524 | Lair:2   | Found a staircase to the Shoals.
 11721 | Lair:2   | Reached skill level 15 in Ranged Weapons
 12208 | Lair:2   | Reached ** piety under Dithmenos
 12223 | Lair:2   | Noticed Maggie
 12231 | Lair:2   | Killed Maggie
 12232 | Lair:2   | Reached XP level 12. HP: 74/74 MP: 0/0
 13025 | Lair:3   | Noticed a death yak
 13026 | Lair:3   | Noticed a death yak
 13034 | Lair:3   | Reached skill level 16 in Ranged Weapons
 13063 | Lair:3   | Killed a death yak
 13066 | Lair:3   | Killed a death yak
 13070 | Lair:3   | Noticed a five-headed hydra
 13088 | Lair:3   | Noticed an alligator
 13099 | Lair:3   | Killed a five-headed hydra
 13104 | Lair:3   | Killed an alligator
 13392 | Lair:3   | Found a staircase to the Snake Pit.
 14093 | Lair:3   | Reached skill level 17 in Ranged Weapons
 14195 | Lair:4   | Noticed Rupert
 14206 | Lair:4   | Annihilated by Rupert

Illustrated notes

Levels and vault maps discovered:
D:1:      dpeg_arrival_rhombus, layout_loops_ring, hangedman_decor_opposing,
          minmay_door_square, dreamdust_wishing_well, minmay_misc_feat_chi
D:2:      layout_loops_ring, basic_ecumenical_altar, serial_glass,
          glass_columns_b, glass_columns_a, glass_columns_a, glass_columns_a,
          glass_columns_c, glass_columns_a, glass_columns_a, glass_columns_c,
          glass_columns_b, glass_columns_a, kennysheep_minor_cross, uniq_sigmund
D:3:      layout_basic, gammafunk_ghost_smash, kennysheep_decorative_pillar,
          dreamdust_princess_bridge, uniq_jessica
D:4:      gammafunk_wand_slinger, layout_loops_ring
D:5:      layout_rooms, temple_fountains, ebering_ghost_rock_garden,
          dk_noncrumbling_3
D:6:      nicolae_cairo_tiling_large_dashed, layout_basic,
          nemelex_spade_bored_becter, lemuel_round_altar, glass_columns_c,
          uniq_eustachio
D:7:      layout_cave_pods, okawaru_metal_pillars_1_2,
          chequers_temple_overflow_statue_of_worship,
          mainiacjoe_overflow_brackets, serial_shops, nicolae_stop_n_shop_2
D:8:      layout_basic
D:9:      minmay_klotski, layout_gridville, nicolae_wu_jian_immortal_techniques,
          hellmonk_ghost_happy_afterlife, nrook_loot_triangle,
          grunt_decor_junction
D:10:     layout_roguey, marbit_many_paths, lair_entry_dummy,
          gammafunk_ghost_berserking_beasts, uniq_nergalle
Temple:   nicolae_temple_bog_church
Lair:1:   layout_cave_pods
Lair:2:   layout_layer_cave, shoals_dummy_entry, beast_lair_carwin_6,
          uniq_maggie
Lair:3:   layout_hall_layers, minmay_snake_entry_guardpost_small,
          nicolae_lair_lakeside_cave, infiniplex_staircase_pool_2
Lair:4:   layout_cave_shapes, grunt_megastairs_1, uniq_rupert

Skill      XL: |  1  2  3  4  5  6  7  8  9 10 11 12 |
---------------+-------------------------------------+-----
Ranged Weapons | 5 6 7 9 11 13 15 17 | 17.0
Fighting       | |  2.0
Dodging        | |  2.1
Stealth        | |  0.7

Action                   |  1- 3 |  4- 6 |  7- 9 | 10-12 || total
-------------------------+-------+-------+-------+-------++-------
Melee: Shortbow          |       |       |     2 |       ||     2
 Fire: Shortbow          |    85 |    59 |   258 |       ||   402
       Arbalest          |       |       |    84 |   334 ||   418
  Use: Scroll            |       |     4 |    12 |    16 ||    32
       Potion            |       |       |     1 |     2 ||     3
Armor: Leather armour    |    10 |     4 |    25 |    15 ||    54
       Skin              |       |       |       |    52 ||    52
       Acid dragon scale |       |       |       |    31 ||    31
Dodge: Dodged            |    37 |    18 |    98 |   120 ||   273
